 Dungeon Crawl Stone Soup version 0.22-a0-455-ga0624bf62c (webtiles) character file.

364 Kriby the Spear-Bearer (level 6, -3/39 HPs)
             Began as a Merfolk Skald on June 5, 2018.
             Was an Initiate of Hepliaklqana.
             Slain by Duvessa
             ... wielding a +1 short sword of draining
              (4 damage)
             ... on level 4 of the Dungeon.
             The game lasted 00:03:36 (2883 turns).

Kriby the Spear-Bearer (Merfolk Skald)              Turns: 2883, Time: 00:03:37

Health: -3/39      AC:  6    Str: 24    XL:     6   Next: 67%
Magic:  9/9        EV: 16    Int: 12    God:    Hepliaklqana [......]
Gold:   172        SH:  0    Dex: 18    Spells: 8/9 levels left

rFire    + + .     SeeInvis .   g - +1 spear (pierce)
rCold    + . .     Gourm    .   (no shield)
rNeg     . . .     Faith    .   w - +0 ring mail
rPois    +         Spirit   .   (no helmet)
rElec    +         Reflect  .   (no cloak)
rCorr    +         Harm     .   x - +0 pair of gloves
MR       .....                  (no boots)
Stlth    ++........             (no amulet)
HPRegen  0.13/turn              y - +5 ring of strength
MPRegen  0.11/turn              f - ring of protection from fire

@: mighty, agile, resistant, heavily drained
A: change form in water, swift swim, stealthy swim, reduced essence
a: Recall Ancestor, Ancestor Identity, Renounce Religion


You were on level 4 of the Dungeon.
You worshipped Hepliaklqana.
Hepliaklqana was noncommittal.
You were hungry.

You visited 2 branches of the dungeon, and saw 5 of its levels.

You collected 172 gold pieces.

Inventory:

Hand Weapons
 a - a +1 spear
 g - a +1 spear of piercing (weapon)
Missiles
 s - 8 javelins of returning (quivered)
Armour
 b - a +0 leather armour
 c - a +0 leather armour
 o - a +2 pair of gloves
 w - a +0 ring mail (worn)
 x - a +0 pair of gloves (worn)
Jewellery
 f - a ring of protection from fire (right hand)
 m - an uncursed ring of wizardry
 y - a +5 ring of strength (left hand)
Scrolls
 h - a scroll of remove curse {@r2}
 j - 2 scrolls of blinking {@r4}
 l - 2 scrolls of fear {unknown}
 n - a scroll of teleportation {unknown}
 r - 2 scrolls of identify {unknown}
 v - 2 scrolls of magic mapping {unknown}
Potions
 e - a potion of lignification {unknown}
 i - 2 potions of curing {unknown}
 k - a potion of heal wounds {unknown}
 q - a potion of resistance
 u - 2 potions of might {@q4}
 z - a potion of degeneration {unknown}
 A - a potion of haste {unknown}
Comestibles
 d - 4 rations {@e1}


   Skills:
 - Level 2.1(0.5) Fighting
 + Level 8.5(6.5) Polearms
 + Level 3.2(1.5) Throwing
 - Level 0.6(0.0) Armour
 - Level 2.6(1.0) Dodging
 - Level 2.0(0.3) Spellcasting
 - Level 3.2(1.5) Charms


You had 8 spell levels left.
You knew the following spells:

 Your Spells              Type           Power        Failure   Level  Hunger
a - Infusion              Chrm           #...         26%         1    ##.....

Your spell library contained the following spells:

 Spells                   Type           Power        Failure   Level  Hunger
 Regeneration             Chrm/Necr      #.........   73%         3    ####...
 Shroud of Golubria       Chrm/Tloc      #.........   50%         2    ###....
 Song of Slaying          Chrm           #.......     36%         2    ###....
 Spectral Weapon          Hex/Chrm       #.......     73%         3    ####...


Dungeon Overview and Level Annotations

Branches:
Dungeon (4/15)             Temple (1/1) D:4

Altars:
Fedhas
Gozag
Hepliaklqana
Kikubaaqudgha
Ru
Sif Muna
Vehumet
Xom

Shops:
D:4 =

Annotations:
D:4 Duvessa


Message History

Duvessa hits you with a short sword of draining.
You feel drained.
Sizwe hits Duvessa but does no damage.
You hit Duvessa.
Duvessa is moderately wounded.
Duvessa hits you with a short sword of draining!
You feel drained.
Sizwe hits Duvessa.
You hit Duvessa.
Duvessa is heavily wounded.
Duvessa hits you with a short sword of draining.
You feel drained.
You hit Duvessa.
Duvessa is severely wounded.
Duvessa hits you with a short sword of draining!
You feel drained.
Sizwe hits Duvessa.
You puncture Duvessa!
Duvessa is almost dead.
Duvessa hits you with a short sword of draining!
* * * LOW HITPOINT WARNING * * *
You feel drained.
You die...

##.###..# #.# #...#
...........###.####.###
.#...#.###..............
.....#.###..###..##.####
............###..##.####
........##..............
............###..##.####
.=......##(#.##.........
.......@R.###.##.##<####
##....##e## ##......#
#........###.##.####
######.##.#.....# ##
#.####.# ### #.# #)#
#.###### #......#


You could see the friendly Sizwe the ancestor and Duvessa (berserk).

Vanquished Creatures
  An ogre (D:4)
  Dowan (D:4)
  An orc wizard (D:4)
  A worker ant (D:4)
  9 adders
  A gnoll (D:1)
  An ooze (D:2)
  2 worms
  2 dart slugs
  3 leopard geckos (D:4)
  3 orcs
  3 ball pythons
  5 bats
  A giant cockroach (D:3)
  5 goblins
  8 hobgoblins
  4 jackals (D:4)
  A quokka (D:2)
  5 frilled lizards (D:1)
  10 kobolds
  A quokka skeleton (D:4)
  12 rats
80 creatures vanquished.

Notes
Turn   | Place    | Note
-------+----------+-------------------------------------------
     0 | D:1      | Kriby the Merfolk Skald began the quest for the Orb.
     0 | D:1      | Reached XP level 1. HP: 16/16 MP: 3/3
    85 | D:1      | Reached skill level 4 in Polearms
    85 | D:1      | Reached XP level 2. HP: 16/22 MP: 5/5
   245 | D:1      | Reached skill level 5 in Polearms
   245 | D:1      | Reached XP level 3. HP: 20/27 MP: 6/6
   877 | D:2      | Reached skill level 6 in Polearms
   877 | D:2      | Reached XP level 4. HP: 33/33 MP: 3/7
  1250 | D:2      | Reached skill level 7 in Polearms
  1428 | D:3      | Reached XP level 5. HP: 34/38 MP: 8/8
  1488 | D:3      | Reached skill level 1 in Throwing
  2004 | D:3      | Found a faded altar of an unknown god.
  2129 | D:4      | Found Luett's Jewellery Emporium.
  2205 | D:4      | Found an opulent altar of Gozag.
  2257 | D:4      | Noticed an ogre
  2263 | D:4      | Killed an ogre
  2263 | D:4      | Reached skill level 8 in Polearms
  2263 | D:4      | Reached XP level 6. HP: 44/44 MP: 3/9
  2437 | D:4      | Found a sacrificial altar of Ru.
  2592 | D:4      | Found a staircase to the Ecumenical Temple.
  2638 | Temple   | Entered the Ecumenical Temple
  2671 | Temple   | Became a worshipper of Hepliaklqana the Forgotten
  2868 | D:4      | Noticed Dowan
  2868 | D:4      | Noticed Duvessa
  2874 | D:4      | Killed Dowan
  2883 | D:4      | HP: 1/39 [Duvessa/short sword of draining (13)]
  2883 | D:4      | Slain by Duvessa

Vault maps used:
D:1:      dpeg_arrival_yet_another_circle
D:3:      chequers_ecumenical_altar_twisty
D:4:      kennysheep_mini, nicolae_ru_great_annihilating_truth, temple_statues,
          serial_shops, shop, uniq_duvessa
Temple:   nicolae_temple_god_jail

Skill      XL: |  1  2  3  4  5  6 |
---------------+-------------------+-----
Polearms       | 4 5 6 7 8 |  8.5
Throwing       | 2 3 |  3.2
Fighting       | |  2.1
Armour         | |  0.6
Dodging        | |  2.6
Spellcasting   | |  2.0
Charms         | |  3.2

Action                   |  1- 3 |  4- 6 || total
-------------------------+-------+-------++-------
Melee: Spear             |    77 |   154 ||   231
 Cast: Infusion          |     5 |     8 ||    13
  Use: Scroll            |     3 |       ||     3
       Potion            |       |     3 ||     3
 Stab: Sleeping          |       |     2 ||     2
       Paralysed         |       |     1 ||     1
  Eat: Chunk             |       |     6 ||     6
Armor: Leather armour    |     9 |    12 ||    21
       Ring mail         |       |    19 ||    19
Dodge: Dodged            |    26 |    52 ||    78

Table legend:
 A = Spawn XP
 B = Non-spawn XP
 C = Spawn XP percentage of total XP
 D = Spawn monster count
 E = Non-spawn monster count
 F = Spawn count percentage of total count
 G = Total turns spent on level
                    A         B        C        D         E        F      G
               +---------+---------+-------+---------+---------+-------+---------
         Total |       0 |     520 |   0.0 |       0 |      80 |   0.0 |  2883
               +---------+---------+-------+---------+---------+-------+---------
           D:1 |       0 |      88 |   0.0 |       0 |      34 |   0.0 |   900
           D:2 |       0 |      64 |   0.0 |       0 |      13 |   0.0 |   518
           D:3 |       0 |      83 |   0.0 |       0 |      17 |   0.0 |   689
           D:4 |       0 |     285 |   0.0 |       0 |      16 |   0.0 |   732
               +---------+---------+-------+---------+---------+-------+---------
